[Event "1er Open Estival de Marseille"]
[Site "Marseille, France"]
[Date "2023.08.03"]
[Round "6.2"]
[White "Rabette, Paul"]
[Black "Espinosa Aranda, Angel"]
[Result "0-1"]
[TimeControl "90+30s/move"]
[WhiteElo "1853"]
[BlackElo "2443"]

1. d4 d5 2. c4 dxc4 3. Nf3 Nf6 4. e3 Be6 5. Nc3 h6 6. Be2 g6 7. O-O Bg7 8. Ne5 O-O 9. Nxc4 c5 10.
Ne5 cxd4 11. exd4 Nd5 12. Bf3 Nc6 13. Nxc6 bxc6 14. Na4 Rb8 15. Nc5 Bf5 16. Qa4 Qd6 17. Nb3 Bd3 18. Rd1 Bc2 19.
Re1 Nb4 20. Be3 a5 21. Re2 Bd3 22. Rd2 Bb5 23. Qxa5 Ra8 24. Qb6 Nd3 25. Rxd3 Rfb8 26. Qc5 Bxd3 27. Qc3 Bb5 28. Nc5 e5 29.
dxe5 Qxe5 30. Qxe5 Bxe5 31. Nd7 Bxb2 32. Nxb8 Bxa1 33. Nxc6 Bxc6 34. Bxc6 Rxa2 35. h4 Kg7 36. g3 Ra6 37.
Bf3 Rd6 38. Kg2 Bd4 39. Bxd4+ Rxd4 40. Kh2 Kf6 41. Kg2 Ke5 42. Kh2 Ra4 43. Kg1 Kd4 44. Kg2 f6 45. Bc6 Ra3 46. Be8 g5 47.
hxg5 hxg5 48. Bd7 Kd3 49. Bf5+ Kd2 50. f3 Ke3 51. Bg4 Ra2+ 52. Kh3 Rf2 0-1

[Event "1er Open Estival de Marseille"]
[Site "Marseille, France"]
[Date "2023.08.03"]
[Round "6.3"]
[White "Charlier, Antoine"]
[Black "Zienkiewicz, Jan"]
[Result "0-1"]
[TimeControl "90+30s/move"]
[WhiteElo "1992"]
[BlackElo "2189"]

1. d4 Nf6 2. c4 e6 3. Nc3 d5 4. cxd5 exd5 5. Bg5 Bb4 6. e3 h6 7. Bh4 g5 8. Bg3 h5 9. Nge2 Ne4 10.
h4 Bg4 11. f3 Nxg3 12. Nxg3 Be6 13. Bd3 Bd6 14. Nf5 Bxf5 15. Bxf5 c6 16. Qb3 Bg3+ 17. Kd2 b6 18. Rh3 gxh4 19.
Ne2 Bd6 20. Rah1 Be7 21. g3 Rg8 22. gxh4 Bd6 23. f4 Nd7 24. Rg1 Rxg1 25. Nxg1 Qf6 26. Qc2 Bb4+ 27. Ke2 O-O-O 28. Nf3 Kb7 29.
Bxd7 Rxd7 30. Ne5 Rc7 31. a3 Bd6 32. b4 Qg7 33. Kf2 Bxe5 34. dxe5 Qg4 35. Rh1 d4 36. Qe2 dxe3+ 37. Kxe3 Qe6 38.
Rc1 f6 39. Kf2 fxe5 40. Re1 Qf6 41. Qxe5 Qxh4+ 42. Kg2 Qg4+ 43. Kf2 Rg7 44. Qe4 Qh4+ 45. Kf1 Qh3+ 46. Kf2 Qh2+ 47. Ke3 Rg3+ 48.
Kd4 Qb2+ 0-1

[Event "1er Open Estival de Marseille"]
[Site "Marseille, France"]
[Date "2023.08.03"]
[Round "6.1"]
[White "Degraeve, Jean-Marc"]
[Black "Dudognon, Thibault"]
[Result "0-1"]
[TimeControl "90+30s/move"]
[WhiteElo "2466"]
[BlackElo "2279"]

1. e4 c5 2. Nf3 d6 3. Bc4 Nf6 4. d3 Nc6 5. O-O g6 6. c3 Bg7 7. Bb3 O-O 8. Re1 b5 9. h3 a5 10.
a4 b4 11. Bg5 Ba6 12. d4 c4 13. e5 dxe5 14. dxe5 cxb3 15. exf6 Qxd1 16. Rxd1 exf6 17. Be3 Be2 18. Rd6 Bxf3 19.
gxf3 Ne5 20. Nd2 bxc3 21. bxc3 Rfc8 22. Kg2 Rab8 23. Rb1 b2 24. Rd5 Rxc3 25. Rxa5 Nd3 26. Ne4 Rcb3 27. Nd2 R3b4 28. Ra7 f5 29. a5 Bc3 30. Rd7 Ne5 31. Rc7 Bd4 32. a6 Bxe3 33. fxe3 Rd8 34. Rc2 Nd3 35. Kf1 Ra4 36. Ke2 Rxa6 37. Rc3 Nc1+ 38. Kd1 Ra1 39.
Kc2 Na2 0-1

[ePGN "0.1;DGT LiveChess/2.2.5"]

[Event "1er Open Estival de Marseille"]
[Site "Marseille, France"]
[Date "2023.07.31"]
[Round "1.1"]
[White "Deladerriere, Apollo"]
[Black "Degraeve, Jean-Marc"]
[Result "0-1"]
[TimeControl "90+30s/move"]
[WhiteElo "1797"]
[BlackElo "2466"]

1. e4 Nf6 2. e5 Nd5 3. Nc3 Nxc3 4. dxc3 d6 5. Bf4 dxe5 6. Qxd8+ Kxd8 7. O-O-O+ Bd7 8. Bxe5 f6 9. Bg3 e5 10.
Bc4 Bd6 11. Nf3 Nc6 12. Nd2 Ne7 13. Ne4 Nf5 14. Bd5 Rb8 15. Rd2 Ke7 16. Rhd1 Rhd8 17. f3 Nxg3 18. hxg3 f5 19. Ng5 h6 20.
Nf7 Rf8 21. c4 b6 22. Nxd6 cxd6 23. f4 Rbd8 24. Bb7 Be6 25. fxe5 dxe5 26. Rxd8 Rxd8 27. Rxd8 Kxd8 28. Bd5 Ke7 29.
Kd2 g5 30. Bxe6 Kxe6 31. Ke3 h5 32. b4 h4 33. gxh4 gxh4 34. a4 Kd6 35. c3 Ke6 36.
Kd3 e4+ 37. Kd4 Kd6 38. b5 Ke6 39. Ke3 Ke5 40. c5 f4+ 41. Kf2 bxc5 42. a5 Kd6 43. c4 Kc7 44. a6 Kb6 45. Kf1 f3 46. gxf3 e3 47. f4 h3 48. f5 h2 49. Kg2 e2 50. f6 e1=Q 0-1

[Event "1er Open Estival de Marseille"]
[Site "Marseille, France"]
[Date "2023.07.31"]
[Round "1.2"]
[White "Espinosa Aranda, Angel"]
[Black "Douchez, Tony"]
[Result "1-0"]
[TimeControl "90+30s/move"]
[WhiteElo "2443"]
[BlackElo "1788"]

1. e4 Nc6 2. Nc3 e5 3. Nf3 Nf6 4. Bb5 Bb4 5. O-O O-O 6. Bxc6 dxc6 7. d3 Bg4 8. h3 Bh5 9. Kh2 Bxc3 10.
bxc3 Qd6 11. c4 Nd7 12. g4 Bg6 13. Nh4 f6 14. f4 Bf7 15. Nf5 Qe6 16. Qf3 Bg6 17. Qg3 Kh8 18. Nh4 exf4 19.
Bxf4 Ne5 20. g5 Rae8 21. Rf2 Qe7 22. Raf1 fxg5 23. Bxg5 Rxf2+ 24. Rxf2 Qe6 25. Nxg6+ Nxg6 26. Qxc7 Kg8 27. Be3 b6 28. Bd4 Re7 29. Qb8+ Re8 30. Qxa7 Qd6+ 31. Kh1 Qxd4 32. Qf7+ 1-0

lk 01:29:02]} 3. b3 Bg7 4. Bb2 O-O 5. g3 c5 6. Bg2 d5 7. O-O cxd4 8. Bxd4 Nc6 9. Bb2 Qc7 10.
Na3 e5 11. e3 Rd8 12. Qe2 e4 13. Nd4 Bg4 14. f3 exf3 15. Bxf3 Bh3 16. Bg2 Bxg2 17. Qxg2 Qe7 18. Rae1 Ne5 19.
Nab5 Ne4 20. Nc3 f5 21. Nd1 Rac8 22. Nf3 Nxf3+ 23. Rxf3 Qc5 24. Bxg7 Kxg7 25. Re2 d4 26. Nf2 Ng5 27.
Rf4 dxe3 28. Nd3 Qc6 29. Qxc6 Rxc6 30. Kg2 Ne6 31. Rc4 Rxc4 32. bxc4 Nd4 33. Rxe3 Nxc2 34. Re2 Rxd3 35. Rxc2 b6 36.
Kf2 Ra3 37. Rb2 Kf6 38. Rc2 Kg5 39. Kg2 h5 40. Kf2 h4 41. Kg2 hxg3 42. hxg3 Kg4 43. Kh2 Rxg3 44. c5 bxc5 45. Rxc5 Ra3 46.
Rc2 f4 47. Kg2 g5 48. Rb2 Rg3+ 49. Kf2 Rh3 50. Kg2 f3+ 51. Kg1 Kg3 52. a4 Rh4 0-1

[Event "1er Open Estival de Marseille"]
[Site "Marseille, France"]
[Date "2023.08.01"]
[Round "2.3"]
[White "Philippe, Guillaume"]
[Black "Deladerriere, Calypso"]
[Result "1-0"]
[TimeControl "90+30s/move"]
[WhiteElo "2362"]
[BlackElo "1910"]

1. f4 d5 2. Nf3 Nf6 3. g3 b6 4. Bg2 Bb7 5. O-O e6 6. d3 Be7 7. Qe1 O-O 8. Nc3 Nc6 9. a3 a5 10. h3 Re8 11. g4 Bc5+ 12. Kh1 e5 13. fxe5 Nxe5 14. Nxe5 Rxe5 15. Qh4 Qc8 16. g5 d4 17. gxf6 Bxg2+ 18. Kxg2 dxc3 19. e4 Bd4 20. bxc3 Bxc3 21. Rb1 Re6 22. Bb2 Bxb2 23. Rxb2 Qd8 24. Rb5 Rxf6 25. Rxf6 Qxf6 26. Qxf6 gxf6 27. Kf3 Rd8 28. Ke3 Kf8 29. Rh5 Kg7 30. d4 c6 31. c4 Rc8 32. Kd3 Rd8 33. a4 Rb8 34. Rf5 h6 35. h4 Kg6 36. h5+
Kg7 37. Ke3 Rc8 38. c5 b5 39. axb5 cxb5 40. Kd3 Rc6 41. Rf1 Kf8 42. Rb1 b4 43. Kc4 Ra6 44. d5 Ke7 45. c6 Kd6 46. Rf1 a4 47. Kxb4 a3 48. Rxf6+ Ke5 49. c7 Ra8 50. Ra6 Rc8 51. d6 Ke6 52. Kc5 Kd7 53. Rxa3 Re8 54. Rb3 f5 55. Rb8 1-0

[Event "1er Open Estival de Marseille"]
[Site "Marseille, France"]
[Date "2023.08.01"]
[Round "2.1"]
[White "Degraeve, Jean-Marc"]
[Black "Bassal, Samuel"]
[Result "1-0"]
[TimeControl "90+30s/move"]
[WhiteElo "2466"]
[BlackElo "1974"]

1. e4 e6 2. d4 d5 3. Nd2 Nf6 4. e5 Nfd7 5. Bd3 c5 6. c3 Nc6 7. Ngf3 Be7 8. O-O Qc7 9. Re1 c4 10.
Bc2 b5 11. Nf1 h6 12. h4 Bb7 13.
h5 O-O-O 14. N3h2 Nb6 15. f4 Qd7 16. Qg4 Kb8 17. f5 Bc8 18. Qxg7 Bh4 19. g3 Rdg8 20. f6 Rxg7 21. fxg7 Rg8 22. Bxh6 f5 23. gxh4 Nd8 24. Kh1 Qe8 25. Ng3 Kb7 26. Rg1 Nf7 27. Bf4 Rxg7 28. h6 Rh7 29. Nh5 Nd7 30. Rg7 Rh8 31. Rag1 Nxh6 32. Nf6 Qd8 33.
Bg5 Qc7 34. Re7 Qc6 35. Bxh6 Rxh6 36. Rgg7 Kc7 37. Nf3 Rxf6 38.
exf6 Kd8 39. Rg8+ Kc7 40. f7 Kd6 41. Rxd7+ 1-0

[ePGN "0.1;DGT LiveChess/2.2.5"]

[Event "1er Open Estival de Marseille"]
[Site "Marseille, France"]
[Date "2023.08.01"]
[Round "3.2"]
[White "Espinosa Aranda, Angel"]
[Black "Dudognon, Thibault"]
[Result "1/2-1/2"]
[TimeControl "90+30s/move"]
[WhiteElo "2443"]
[BlackElo "2279"]

1. e4 c5 2. Ne2 d6 3. g3 Nc6 4. Bg2 g6 5. c3 h5 6. h3 Bd7 7. d4 Bg7 8. Be3 b6 9. Na3 Rc8 10.
Qd2 Na5 11. O-O Nh6 12. Rac1 c4 13. d5 a6 14. Nd4 Rb8 15. b4 cxb3 16. axb3 Qc8 17. h4 Ng4 18. Bf4 O-O 19. b4 Nc4 20.
Nxc4 Qxc4 21. Rfe1 Ne5 22. Kh1 b5 23. Bf1 Qc8 24. Bxe5 Bxe5 25. c4 Bxd4 26. Qxd4 1/2-1/2

[Event "1er Open Estival de Marseille"]
[Site "Marseille, France"]
[Date "2023.08.01"]
[Round "3.1"]
[White "Zienkiewicz, Jan"]
[Black "Degraeve, Jean-Marc"]
[Result "1-0"]
[TimeControl "90+30s/move"]
[WhiteElo "2189"]
[BlackElo "2466"]

1. e4 Nf6 2. e5 Nd5 3. d4 d6 4. c4 Nb6 5. exd6 exd6 6. Nc3 Nc6 7. h3 Be7 8. Nf3 Bf5 9. Bd3 Qd7 10.
Be3 O-O 11. O-O Bf6 12. b3 Rfe8 13. Qd2 Bxd3 14. Qxd3 d5 15. c5 Nc8 16. Bg5 Bxg5 17. Nxg5 g6 18. Qf3 Rd8 19. Qf4 Kg7 20.
Rfe1 h6 21. Nf3 N8e7 22. Ne5 Qf5 23. Qd2 g5 24. Ne2 Nxe5 25. Ng3 Qg6 26. Rxe5 Nc6 27. Rf5 Rd7 28. Qd1 Rad8 29. Qg4 Kf8 30.
Rd1 1-0

[Event "1er Open Estival de Marseille"]
[Site "Marseille, France"]
[Date "2023.08.01"]
[Round "3.3"]
[White "Avanesyan, Davit"]
[Black "Philippe, Guillaume"]
[Result "0-1"]
[TimeControl "90+30s/move"]
[WhiteElo "2118"]
[BlackElo "2362"]

1. e4 g6 2. d4 c6 3. Nc3 d5 4. f3 b5 5. a3 a6 6.
Be3 Bg7 7. Qd2 h5 8. exd5 cxd5 9. a4 b4 10. Na2 a5 11. c3 bxc3 12. Bb5+ Bd7 13. Nxc3 Nf6 14. Nge2 O-O 15. Bh6 Bxb5 16. Nxb5 Nc6 17. Bxg7 Kxg7 18. O-O Qb6 19. Kh1 Rfc8 20. Rac1 Nb4 21. Nf4 Qb7 22. Nd3 Nxd3 23. Qxd3 Rxc1 24. Rxc1 Rc8 25. Rc3 h4 26. Qc2 Rxc3 27. Qxc3 Qb6 28. b4 axb4 29. Qxb4 Qe6 30. Qd2 h3 31. gxh3 Qxh3 32. Qe2 Kf8 33. a5 Qc8 34. Qd2 Qc4 0-1

[ePGN "0.1;DGT LiveChess/2.2.5"]

[Event "1er Open Estival de Marseille"]
[Site "Marseille, France"]
[Date "2023.08.02"]
[Round "4.2"]
[White "Vu Dinh, Adrien"]
[Black "Espinosa Aranda, Angel"]
[Result "0-1"]
[TimeControl "90+30s/move"]
[WhiteElo "2168"]
[BlackElo "2443"]

1. e4 c5 2. Nf3 e6 3. d4 cxd4 4.
Nxd4 a6 5. c4 Nf6 6. Nc3 Bb4 7. Qd3 O-O 8. e5 Ne8 9. Bf4 d6 10. exd6 Bxd6 11. Nf3 Qe7 12. Bxd6 Nxd6 13. O-O-O Ne8 14.
h4 Nd7 15. Be2 b5 16. cxb5 axb5 17. Qxb5 Nef6 18. Qc6 Ra5 19. Qd6 Qd8 20. Nd4 Bb7 21. Nc6 Bxc6 22. Qxc6 Qb8 23. Rxd7 Rc8 24.
Rhd1 Nxd7 25. Qxd7 Rxa2 26. Qb5 Qf4+ 27. Kb1 Raa8 28. Qg5 Qxf2 29. Ba6 h6 30. Qb5 Rcb8 31. Qe2 Qxh4 32. Bb5 Qb4 33.
Qc4 Qa5 34. Qa4 Qb6 35. Qd4 Qa5 36. Qa4 Qc7 37. Qc4 Qe5 38. Qe2 Qf5+ 39. Qd3 Qg5 40. Qd2 Rxb5 41. Nxb5 Qxb5 42. Qd3 Qa4 43.
Qd7 Qa2+ 44. Kc2 Rb8 45. Qd4 Rc8+ 46. Kd2 Qb3 47. Ke1 Qg3+ 48. Kf1 e5 49. Qd2 e4 50. Re1 Qd3+ 51. Qxd3 exd3 52.
Rd1 Rc2 53. Rxd3 Rxb2 54. Kg1 g5 55. Kh2 Kg7 56. Kh3 Kg6 57. Rd6+ f6 58. g4 Rf2 59. Kg3 Rf4 60. Rd8 h5 61.
gxh5+ Kxh5 62. Rg8 Kh6 63. Rh8+ Kg6 64. Rb8 Ra4 65. Rc8 Ra3+ 0-1

[Event "1er Open Estival de Marseille"]
[Site "Marseille, France"]
[Date "2023.08.02"]
[Round "4.3"]
[White "Charlier, Antoine"]
[Black "Alshameary Puente, Ismael"]
[Result "1-0"]
[TimeControl "90+30s/move"]
[WhiteElo "1992"]
[BlackElo "2322"]

1. d4 Nf6 2. c4 e6 3. Nc3 Bb4 4. e3 O-O 5. Bd3 d5 6. Nge2 dxc4 7. Bxc4 e5 8. O-O Nc6 9. d5 Ne7 10. e4 Ng6 11. a3 Bd6 12. Ng3 a6 13. Re1 h6 14. h3 Bc5 15. Be3 Bxe3 16. Rxe3 Nf4 17. Rc1 g6 18. Bf1 Re8 19.
b4 h5 20. Nge2 b6 21. Nxf4 exf4 22. Re1 Qd6 23. Qd4 Nd7 24. Na4 Ne5 25. Nb2 Bxh3 26. Nc4 Qf6 27. Nxe5 Rxe5 28. Qd3 Bg4 29. Rxc7 f3 30. Rc6 Qd8 31. Qe3 fxg2 32. Bxg2 Rb8 33. Qf4 Qe8 34. f3 Bd7 35. Rcc1 a5 36. Red1 axb4 37. axb4 Qe7 38. Rc7 Rd8 39. Qd2 Rg5 40. d6 Qf6 41. Kf2 Re5 42. Qc3 Be6 43. d7 Qh4+ 44. Kf1 Rg5 45. Qf6 Rg4 46. Qxd8+ Qxd8 47. Rc8 Qxc8 48. dxc8=Q+ Bxc8 49. fxg4 Bxg4 50. Rd6 b5 51. Kf2 1-0

[Event "1er Open Estival de Marseille"]
[Site "Marseille, France"]
[Date "2023.08.02"]
[Round "4.1"]
[White "Philippe, Guillaume"]
[Black "Zienkiewicz, Jan"]
[Result "1/2-1/2"]
[TimeControl "90+30s/move"]
[WhiteElo "2362"]
[BlackElo "2189"]

1. Nf3 Nf6 2. e3 g6 3. b4 Bg7 4. Bb2 O-O 5. c4 d5 6. cxd5 Nxd5 7. Bxg7 Kxg7 8. Qb3 Qd6 9. a3 e5 10.
Qb2 f6 11. d3 b6 12. Nbd2 Bb7 13. Be2 Nd7 14. O-O Rac8 15. Rfc1 c5 16. Ne4 Qe7 17. bxc5 Nxc5 18. Nxc5 Rxc5 19.
Rxc5 Qxc5 20. Rc1 Qe7 21. h3 Nc7 22. a4 Ne6 23. a5 bxa5 24. Qb5 Rd8 25. Qxa5 Bxf3 26. gxf3 Qb7 27. Kg2 Rd7 28. Rc4 Re7 29. h4 Rc7 30. Rb4 Qc6 31. Qa2 Qd6 32. Ra4 Qe7 33. Qb2 Nd8 34. d4 exd4 35.
Rxd4 Nf7 36. Ra4 Nd6 37. Qa1 Nf5 1/2-1/2

[ePGN "0.1;DGT LiveChess/2.2.5"]

[Event "1er Open Estival de Marseille"]
[Site "Marseille, France"]
[Date "2023.08.03"]
[Round "5.3"]
[White "Cacinschi, Alexandru"]
[Black "Charlier, Antoine"]
[Result "1/2-1/2"]
[TimeControl "90+30s/move"]
[WhiteElo "2074"]
[BlackElo "1992"]

1. c4 e5 2. Nc3 Nc6 3. g3 g6 4. Bg2 Bg7 5. d3 d6 6. f4 Nge7 7. Nf3 Bd7 8. fxe5 dxe5 9. O-O O-O 10.
Ng5 Qc8 11. Nd5 Nxd5 12. Bxd5 Nd8 13. Bg2 Ne6 14. Nxe6 Bxe6 15. Be3 Bh3 16. Qd2 Bxg2 17. Kxg2 Qe6 18. Bh6 Rad8 19. Bxg7 Kxg7 20.
Qe3 b6 21. Rf2 f5 22. Raf1 Rfe8 23. Qg5 h6 24. Qc1 e4 25. g4 exd3 26. exd3 Rxd3 27. gxf5 Qe4+ 28. Kg1 Rf8 29. Rf4 Qe3+ 30.
Qxe3 Rxe3 31. fxg6 Rxf4 1/2-1/2

[Event "1er Open Estival de Marseille"]
[Site "Marseille, France"]
[Date "2023.08.03"]
[Round "5.2"]
[White "Zienkiewicz, Jan"]
[Black "Dudognon, Thibault"]
[Result "1/2-1/2"]
[TimeControl "90+30s/move"]
[WhiteElo "2189"]
[BlackElo "2279"]

1. e4 c5 2. Nf3 d6 3. d4 cxd4 4. Nxd4 Nf6 5. Nc3 Bd7 6. Bg5 e6 7. Qd2 h6 8. Bxf6 Qxf6 9. Ndb5 Bxb5 10.
Nxb5 Qxb2 11. Rd1 Na6 12. Nxd6+ Bxd6 13. Qxd6 Qc3+ 14. Rd2 Qa1+ 15. Rd1 Qc3+ 16. Rd2 Qa1+ 17. Ke2 Qb2 18. Ke1 Qa1+ 1/2-1/2

[ePGN "0.1;DGT LiveChess/2.2.5"]

[Event "1er Open Estival de Marseille"]
[Site "Marseille, France"]
[Date "2023.08.04"]
[Round "7.5"]
[White "Charvein, Gabriel"]
[Black "Beranger, Arthur"]
[Result "1-0"]
[TimeControl "90+30s/move"]
[WhiteElo "2038"]
[BlackElo "1548"]

1. e4 e6 2. d4 d5 3. Nc3 Nf6 4. Bg5 dxe4 5. Nxe4 Be7 6. Bxf6 gxf6 7. Nf3 f5 8. Nc3 O-O 9. g3 Nd7 10.
Bg2 c5 11. O-O Bf6 12. Ne2 cxd4 13. Nfxd4 Ne5 14. c3 Bd7 15. Qb3 Rb8 16. Rfd1 Qe7 17. Nf4 Ng6 18. Nxf5 Qd8 19. Nh5 Bg5 20.
h4 exf5 21. hxg5 Qxg5 22. Rxd7 Qxh5 23. Re1 Rbd8 24. Qd5 Rxd7 25. Qxd7 f4 26. Qd5 Qh6 27. Qd2 Qg5 28. Rd1 Re8 29.
b4 Qh5 30. Qd5 Re1+ 31. Rxe1 1-0

[Event "1er Open Estival de Marseille"]
[Site "Marseille, France"]
[Date "2023.08.04"]
[Round "7.2"]
[White "Dudognon, Thibault"]
[Black "Philippe, Guillaume"]
[Result "1-0"]
[TimeControl "90+30s/move"]
[WhiteElo "2279"]
[BlackElo "2362"]

1. e4 d6 2. d4 Nf6 3. Nc3 g6 4. Be3 c6 5. Qd2 b5 6. Bd3 Nbd7 7. Nf3 Qc7 8. Ne2 Bb7 9. c3 a6 10.
h3 c5 11. Ng3 h5 12. Bg5 Bg7 13. O-O e5 14. d5 c4 15. Bc2 O-O 16. Bh6 Nh7 17. Rae1 Qd8 18. Bxg7 Kxg7 19. Nh2 Qg5 20.
Qd1 Nc5 21. Ne2 Nf6 22. f4 exf4 23. Nxf4 Rae8 24. Qd2 Nfxe4 25. Bxe4 Rxe4 26. Rxe4 Nxe4 27. Qe3 Nc5 28. Nf3 Qf5 29.
Nd4 Qe5 30. Qf3 Bc8 31. Nc6 Qg5 32. Qf2 Bf5 33. h4 Qg4 34. Qd4+ f6 35. Re1 Nd3 36. Re7+ Kh6 37. Qa7 g5 38.
Ne6 Rg8 39. Rf7 Qxh4 40. Rxf6+ Bg6 41. Ne7 Qe1+ 42. Rf1 1-0

[Event "1er Open Estival de Marseille"]
[Site "Marseille, France"]
[Date "2023.08.04"]
[Round "7.4"]
[White "Rabette, Paul"]
[Black "Vu Dinh, Adrien"]
[Result "1/2-1/2"]
[TimeControl "90+30s/move"]
[WhiteElo "1853"]
[BlackElo "2168"]

1. d4 Nf6 2. c4 g6 3. Nc3 d5 4. cxd5 Nxd5 5. e4 Nxc3 6. bxc3 Bg7 7. Be3 c5 8. Qd2 O-O 9. Nf3 Bg4 10. Be2 Qa5 11. Rc1 Nd7 12. h3 Bxf3 13.
Bxf3 Rfd8 14. d5 c4 15. Be2 Nc5 16. f3 Na4 17. Bd4 Bxd4 18. Qxd4 b5 19. O-O e6 20. d6 e5 21. Qxe5 Qb6+ 22. Kh1 Rxd6 23. Rb1 Re6 24.
Qxb5 Qxb5 25. Rxb5 Nxc3 26. Rb2 Rc8 27. Rc1 Rb6 28. Rbc2 Nxe2 29. Rxe2 Kf8 30. Rec2 Rb4 31. Kg1 Ke7 32.
Rd1 Rc6 33. Kf2 Rd6 34. Rdc1 Rd4 35. Ke3 Rd3+ 36. Kf4 Ra3 37. Rxc4 Rxc4 38. Rxc4 Rxa2 39. Rc7+ Ke6 40. g3 h6 41.
h4 Ra5 42. Kg4 Kf6 43. Rc6+ 1/2-1/2

[Event "1er Open Estival de Marseille"]
[Site "Marseille, France"]
[Date "2023.08.04"]
[Round "7.1"]
[White "Espinosa Aranda, Angel"]
[Black "Zienkiewicz, Jan"]
[Result "1-0"]
[TimeControl "90+30s/move"]
[WhiteElo "2443"]
[BlackElo "2189"]

1. e4 c5 2. Nf3 Nc6 3. Bb5 e6 4. O-O Nge7 5. Re1 h6 6. Bxc6 Nxc6 7. d4 cxd4 8. Nxd4 e5 9. Nb5 d6 10.
c4 Be7 11. Be3 Be6 12. N1a3 O-O 13. Qd2 a6 14. Nc3 Bg5 15. Rad1 Bxe3 16. Rxe3 Nd4 17. Ne2 Nxe2+ 18. Qxe2 Qc7 19.
h3 Rac8 20. Qd2 Rfd8 21. Rd3 Qb6 22. b3 Rc6 23. Nc2 Kh7 24.
Nb4 Rc5 25. Nd5 Qa7 26. Ne3 Rc6 27. Qb4 Qb8 28. a4 Rd7 29. Nd5 Qd8 30. Qd2 Rc5 31. Kh2 Bxd5 32. Rxd5 Qb6 33. Rxd6 Rxd6 34. Qxd6 Qxb3 35. Rd5 Rxd5 36. cxd5 Qxa4 37. Qxe5 Qd7 38. d6 Kg6 39. Qe7 Qc6 40. d7 Qc7+ 41. g3 1-0

[Event "1er Open Estival de Marseille"]
[Site "Marseille, France"]
[Date "2023.08.04"]
[Round "7.3"]
[White "Degraeve, Jean-Marc"]
[Black "Deladerriere, Calypso"]
[Result "1-0"]
[TimeControl "90+30s/move"]
[WhiteElo "2466"]
[BlackElo "1910"]

1. e4 c5 2. Nf3 e6 3. c3 d5 4. e5 Nc6 5. d4 cxd4 6. cxd4 Nh6 7. Bxh6 gxh6 8. Be2 Bd7 9. Nc3 Qb6 10.
Qd2 Rc8 11. O-O Na5 12. Rac1 Nc4 13. Bxc4 Rxc4 14. Ne2 Bc6 15. Ng3 Qb4 16. Rc3 Qa5 17. Rxc4 Qxd2 18. Nxd2 dxc4 19. Nxc4 Rg8 20.
f3 Be7 21. Ne4 Kf8 22. Kf2 Kg7 23. Ke3 Rc8 24. Ncd6 Rd8 25. Rc1 Kg8 26. Nc4 Bd5 27. Ncd2 Bc6 28. Nb3 Rd7 29. Na5 Bxe4 30.
Kxe4 f5+ 31. exf6 Bxf6 32. Nb3 Kf7 33. g4 b6 34. a4 a5 35. f4 b5 36. axb5 a4 37. b6 Bd8 38. Nc5 Rd6 39.
Nb7 1-0

[ePGN "0.1;DGT LiveChess/2.2.5"]

[Event "1er Open Estival de Marseille"]
[Site "Marseille, France"]
[Date "????.??.??"]
[Round "8.2"]
[White "Dudognon, Thibault"]
[Black "Charvein, Gabriel"]
[Result "1-0"]
[TimeControl "90+30s/move"]
[WhiteElo "2279"]
[BlackElo "2038"]

1. e4 c5 2. Nf3 d6 3. d4 cxd4 4. Nxd4 Nf6 5. Nc3 g6 6. Be3 Nc6 7. f3 h5 8. Qd2 Nxd4 9. Bxd4 Bh6 10.
Be3 Bxe3 11. Qxe3 Be6 12. Bb5+ Kf8 13. O-O Kg7 14. f4 Rc8 15. Qxa7 Rxc3 16. bxc3 Nxe4 17. Qd4+ Nf6 18. Bd3 Qa5 19. Rab1 Qc7 20.
f5 gxf5 21. Bxf5 Bd5 22. Bh3 e5 23. Qe3 Rh6 24. Bf5 Qc5 25. Qxc5 dxc5 26. Rfe1 1-0

[Event "1er Open Estival de Marseille"]
[Site "Marseille, France"]
[Date "????.??.??"]
[Round "8.5"]
[White "Vu Dinh, Adrien"]
[Black "Bassal, Samuel"]
[Result "1-0"]
[TimeControl "90+30s/move"]
[WhiteElo "2168"]
[BlackElo "1974"]

1. e4 e6 2. d4 d5 3. Nd2 dxe4 4. Nxe4 Nf6 5. Nxf6+ Qxf6 6. Nf3 h6 7. g3 b6 8. Bg2 Bb7 9. O-O Bd6 10. Re1 O-O 11. b3 c5 12. Bb2 Rd8 13. dxc5 Qxb2 14. cxd6 Qa3 15. Ne5 Bxg2 16. Nc4 Qc5 17. Kxg2 b5 18. Ne5 Nc6 19. Qh5 g6 20. Qe2 Nxe5 21. Qxe5 Qc6+ 22. Kg1 Rxd6 23.
Rac1 Rad8 24. c4 bxc4 25. Rxc4 Qd5 26. Ra4 R8d7 27. h4 h5 28. Qf6 Qf5 29. Qxf5 gxf5 30. Re5 Rb7 31. Rea5 Rdd7 32. Rc5 Rdc7 33. Rac4 Rxc5 34. Rxc5 Rb6 35. Ra5 Rb7 36. Kf1 Kg7 37. Ke2 Kf6 38. Kd3 Ke7 39. Ra6 Kd7 40. Kd4 f6 41. Kc5 Rc7+ 42. Kb5 Rb7+ 43. Ka4 Rc7 44. b4 Rb7 45. a3 Rc7 46. b5 Rb7 47. Rc6 Rb6 48. Rxb6 axb6 49. Kb4 e5 50. a4 f4 51. gxf4 exf4 52. f3 Kd6 53. a5 bxa5+ 54. Kxa5 Kc7 55. Ka6 Kb8 56. Kb6 f5 57. Ka6 Ka8 58. b6 Kb8 59. b7 1-0

[Event "1er Open Estival de Marseille"]
[Site "Marseille, France"]
[Date "????.??.??"]
[Round "8.1"]
[White "Espinosa Aranda, Angel"]
[Black "Degraeve, Jean-Marc"]
[Result "1/2-1/2"]
[TimeControl "90+30s/move"]
[WhiteElo "2443"]
[BlackElo "2466"]

1. e4 e5 2. Nf3 Nc6 3. Nc3 Nf6 4. Bb5 Nd4 5. Nxd4 exd4 6. e5 dxc3 7. exf6 Qxf6 8. dxc3 Qe5+ 9. Qe2 Qxe2+ 10. Bxe2 Bc5 11. O-O 1/2-1/2

[Event "1er Open Estival de Marseille"]
[Site "Marseille, France"]
[Date "????.??.??"]
[Round "8.4"]
[White "Zienkiewicz, Jan"]
[Black "Alshameary Puente, Ismael"]
[Result "1-0"]
[TimeControl "90+30s/move"]
[WhiteElo "2189"]
[BlackElo "2322"]

1. e4 c5 2. Nf3 Nc6 3. d4 cxd4 4. Nxd4 g6 5. c4 Nf6 6. Nc3 d6 7. Be2 Nxd4 8. Qxd4 Bg7 9. O-O O-O 10.
Qd3 Bd7 11. Be3 Bc6 12. Rac1 a5 13. b3 Nd7 14. f3 Nc5 15. Qd2 Be5 16. Rfd1 f5 17. exf5 gxf5 18. Bxc5 1-0

[Event "1er Open Estival de Marseille"]
[Site "Marseille, France"]
[Date "????.??.??"]
[Round "8.3"]
[White "Philippe, Guillaume"]
[Black "Pinto, Axel"]
[Result "1-0"]
[TimeControl "90+30s/move"]
[WhiteElo "2362"]
[BlackElo "1800"]

1. e4 c5 2. a3 g6 3. Nc3 Bg7 4. Bc4 Nc6 5. d3 e6 6. Ba2 Nge7 7. h4 h5 8. Bg5 d6 9. Nge2 Nd4 10.
Nxd4 cxd4 11. Ne2 Qa5+ 12. c3 dxc3 13. bxc3 Bd7 14. O-O Nc8 15. Qd2 Nb6 16. Qf4 f6 17. Bxf6 O-O 18. Qg5 Qxg5 19.
Bxg5 Rae8 20. Rab1 Kh7 21. f3 d5 22. Be3 Bc6 23. Bd4 Bh6 24. Bb3 Nc8 25. Bc2 b6 26. a4 e5 27. Bf2 Nd6 28.
a5 dxe4 29. fxe4 b5 30. Bxa7 1-0